 Dungeon Crawl Stone Soup version 0.18.1-50-g88ac8fd (webtiles) character file.

686 tyranidshit the Skirmisher (level 7, -4/73 HPs)
             Began as a Deep Dwarf Fighter on Sept 21, 2016.
             Slain by Duvessa
             ... wielding a +0 short sword
              (15 damage)
             ... on level 4 of the Dungeon.
             The game lasted 00:05:34 (2518 turns).

tyranidshit the Skirmisher (Deep Dwarf Fighter)     Turns: 2518, Time: 00:05:34

Health: -4/73      AC: 11    Str: 24    XL:     7   Next: 35%
Magic:  6/6        EV:  8    Int:  8    God:
Gold:   200        SH:  9    Dex: 12    Spells: 0 memorised, 6 levels left

rFire  . . .     SeeInvis .     a - +0 war axe
rCold  . . .     Gourm    .     t - +3 leather armour of Music {Str+2}
rNeg   + . .     Faith    +     c - +0 shield
rPois  .         Spirit   .     r - +0 helmet
rElec  .         Dismiss  .     u - +0 cloak
rCorr  .         Reflect  .     q - +0 pair of gloves
SustAt .         Harm     .     h - +0 pair of boots
MR     +....                    s - amulet of faith
Stlth  +.........               p - ring of wizardry
                                o - ring of positive energy

@: non-regenerating, somewhat resistant to hostile enchantments, very unstealthy
A: damage resistance, recharge devices, sense surroundings 1, slow regeneration
3
a: Device Recharging


You were on level 4 of the Dungeon.
You were not hungry.

You visited 1 branch of the dungeon, and saw 4 of its levels.

You collected 200 gold pieces.

Inventory:

Hand Weapons
 a - a +0 war axe (weapon)
Armour
 b - a +0 scale mail
 c - a +0 shield (worn)
 h - a +0 pair of boots (worn)
 q - a +0 pair of gloves (worn)
 r - a +0 helmet (worn)
 t - the +3 leather armour of Music (worn) {Str+2}
   (You found it on level 4 of the Dungeon)

   It affects your strength (+2).
 u - a +0 cloak (worn)
Jewellery
 k - an uncursed ring of fire
 o - a ring of positive energy (left hand)
 p - a ring of wizardry (right hand)
 s - an amulet of faith (around neck)
Wands
 e - a wand of heal wounds (3/9)
Scrolls
 f - a scroll of teleportation
 j - a scroll of enchant weapon {unknown}
 l - 6 scrolls of identify
 n - 4 scrolls of remove curse
 v - a scroll of enchant armour {unknown}
Potions
 d - 2 potions of might
 i - a potion of curing


   Skills:
 + Level 7.9 Fighting
 - Level 2.1 Axes
 - Level 3.2 Armour
 - Level 3.2 Shields


You had 6 spell levels left.
You didn't know any spells.

Dungeon Overview and Level Annotations

Branches:
Dungeon (4/15)
 Temple: D:4-7

Altars:
Gozag
Ru
Trog
Xom

Annotations:
D:4 Duvessa


Innate Abilities, Weirdness & Mutations

You are resistant to damage.
You can recharge devices by infusing magical energy.
You passively map a small area around you.
You do not regenerate naturally.


Message History

You are too injured to fight recklessly!
Unknown command.
You are too injured to fight recklessly!
You are too injured to fight recklessly!
You slash Duvessa!
Duvessa is severely wounded.
You block Duvessa's attack. Duvessa hits you with a short sword.
* * * LOW HITPOINT WARNING * * *
You slash Duvessa!
Duvessa is almost dead.
Duvessa hits you with a short sword!
* * * LOW HITPOINT WARNING * * *
Duvessa hits you but does no damage.
You completely miss Duvessa.
Duvessa is almost dead.
Duvessa barely misses you. Duvessa misses you.
You closely miss Duvessa.
Duvessa is almost dead.
Duvessa hits you with a short sword. Duvessa hits you with a short sword!!
You die...

, , #.#.......
#.........#)#.......
#.........#.#...##..
#.........#.......#.
#.........#.....#.#.
#.........##.#......
#..............##...
##.)e......# # #...
#...@......##.#.##..#
#.............#.##...
#.....(.......#......
#.............#......
#####.........#......
####.................
#....................
#.............†......
#..............<#'##.


You could see Duvessa (berserk).

Vanquished Creatures
  Grinder (D:3)
  A scorpion (D:4)
  Dowan (D:4)
  2 hounds (D:4)
  An orc priest (D:3)
  Terence (D:2)
  2 orc wizards (D:4)
  2 worker ants (D:4)
  Robin (D:2)
  4 adders
  A shadow imp (D:4)
  An adder skeleton (D:4)
  5 worms
  2 dart slugs (D:3)
  8 giant geckos
  9 orcs
  2 ball pythons (D:2)
  3 bats
  4 giant cockroaches
  11 goblins
  14 hobgoblins
  13 kobolds
  3 giant newts
  7 rats
99 creatures vanquished.

Notes
Turn   | Place    | Note
--------------------------------------------------------------
     0 | D:1      | tyranidshit the Deep Dwarf Fighter began the quest for the Orb.
     0 | D:1      | Reached XP level 1. HP: 20/20 MP: 1/1
   128 | D:1      | Reached skill level 3 in Fighting
   176 | D:1      | Reached XP level 2. HP: 28/28 MP: 2/2
   548 | D:2      | Reached XP level 3. HP: 15/36 MP: 3/3
   582 | D:2      | Reached skill level 4 in Fighting
   635 | D:2      | Noticed Robin
   645 | D:2      | Killed Robin
   645 | D:2      | Reached XP level 4. HP: 18/45 MP: 4/4
   940 | D:2      | Noticed Terence
   960 | D:2      | Killed Terence
   960 | D:2      | Reached skill level 5 in Fighting
  1364 | D:3      | Reached XP level 5. HP: 19/52 MP: 5/5
  1813 | D:3      | Found a bloodstained altar of Trog.
  1813 | D:3      | Noticed Grinder
  1869 | D:3      | Killed Grinder
  1869 | D:3      | Reached skill level 6 in Fighting
  1869 | D:3      | Reached XP level 6. HP: 4/63 MP: 6/6
  1976 | D:4      | Found an opulent altar of Gozag.
  2020 | D:4      | Found a shimmering altar of Xom.
  2020 | D:4      | Found a sacrificial altar of Ru.
  2066 | D:4      | Reached skill level 7 in Fighting
  2164 | D:4      | Reached XP level 7. HP: 34/72 MP: 6/6
  2166 | D:4      | Got a heavily runed leather armour
  2179 | D:4      | Identified the +3 leather armour of Music {Str+2} (You found it on level 4 of the Dungeon)
  2505 | D:4      | Noticed Duvessa
  2505 | D:4      | Noticed Dowan
  2510 | D:4      | Killed Dowan
  2518 | D:4      | Slain by Duvessa

Skill      XL: |  1  2  3  4  5  6 |
---------------+-------------------+-----
Fighting       | 3 4 5 6 7 |  7.9
Axes           | |  2.1
Armour         | |  3.2
Shields        | |  3.2

Action                   |  1- 3 |  4- 6 |  7- 9 || total
-------------------------+-------+-------+-------++-------
Melee: War axe           |   113 |   215 |    38 ||   366
 Abil: Device Recharging |       |     1 |       ||     1
Evoke: Wand              |       |     6 |       ||     6
  Use: Potion            |     4 |     2 |     1 ||     7
       Scroll            |     2 |     3 |     1 ||     6
  Eat: Bread ration      |       |     1 |     1 ||     2
       Fruit             |       |     1 |     1 ||     2
Armor: Scale mail        |    77 |   103 |       ||   180
       Leather armour    |       |       |    27 ||    27
Dodge: Dodged            |    47 |    63 |    19 ||   129
Block: Shield            |    54 |    94 |    19 ||   167
